 Dungeon Crawl Stone Soup version 0.23.0 (webtiles) character file.

Game seed: 8586826028523921189

30 Kairos the Cutter (level 3, -1/25 HPs)
             Began as a Gnoll Wanderer on Feb 11, 2019.
             Succumbed to an orc's poison
             ... on level 1 of the Dungeon.
             The game lasted 00:02:57 (916 turns).

Kairos the Cutter (Gnoll Wanderer)                   Turns: 916, Time: 00:02:58

Health: -1/25      AC:  6    Str: 14    XL:     3   Next: 18%
Magic:  16/16      EV: 10    Int: 13    God:
Gold:   43         SH:  0    Dex: 16    Spells: 3/7 levels left

rFire    + . .     SeeInvis .   b - +0 quarterstaff
rCold    + . .     Gourm    .   (shield currently unavailable)
rNeg     . . .     Faith    .   g - +0 ring mail
rPois    +         Spirit   .   (no helmet)
rElec    +         Reflect  .   (no cloak)
rCorr    +         Harm     .   (no gloves)
MR       .....                  h - +0 pair of boots
Stlth    ++........             (no amulet)
HPRegen  0.08/turn              a - ring of magical power
MPRegen  0.15/turn              (no ring)

@: lethally poisoned (-1 -> -32), resistant
A: distributed training, fangs 1, strong nose
a: no special abilities


You were on level 1 of the Dungeon.
You were not hungry.

You visited 1 branch of the dungeon, and saw 2 of its levels.

You collected 43 gold pieces.

Inventory:

Hand Weapons
 b - a +0 quarterstaff (weapon)
 i - a +0 short sword
Armour
 d - a +0 robe
 g - a +0 ring mail (worn)
 h - a +0 pair of boots (worn)
Jewellery
 a - a ring of magical power (left hand)
Scrolls
 c - a scroll of teleportation
 e - a scroll of fog {unknown}
 j - a scroll of remove curse {unknown}
 k - 2 scrolls of fear {unknown}
 l - 2 scrolls of enchant weapon {unknown}
 m - a scroll of magic mapping {unknown}
Comestibles
 f - a ration


   Skills:
 + Level 0.6 Fighting
 + Level 6.5 Short Blades
 + Level 0.6 Long Blades
 + Level 0.6 Axes
 + Level 0.6 Maces & Flails
 + Level 0.6 Polearms
 + Level 0.6 Staves
 + Level 0.6 Slings
 + Level 0.6 Bows
 + Level 0.6 Crossbows
 + Level 0.6 Throwing
 + Level 0.6 Armour
 + Level 0.6 Dodging
 + Level 2.3 Stealth
 + Level 0.6 Shields
 + Level 0.6 Unarmed Combat
 + Level 2.8 Spellcasting
 + Level 0.4 Conjurations
 + Level 5.4 Hexes
 + Level 0.4 Charms
 + Level 0.4 Summonings
 + Level 0.4 Necromancy
 + Level 0.4 Translocations
 + Level 0.4 Transmutations
 + Level 2.1 Fire Magic
 + Level 0.4 Ice Magic
 + Level 0.4 Air Magic
 + Level 0.4 Earth Magic
 + Level 0.4 Poison Magic
 + Level 0.8 Invocations
 + Level 2.5 Evocations


You had 3 spell levels left.
You knew the following spells:

 Your Spells              Type           Power        Failure   Level  Hunger
a - Corona                Hex            ###....      5%          1    #......
b - Confuse               Hex            ###.....     16%         3    ###....

Your spell library contained the following spells:

 Spells                   Type           Power        Failure   Level  Hunger
 Tukima's Dance           Hex            ###.....     16%         3    ###....
 Ensorcelled Hibernation  Hex/Ice        #.....       22%         2    ###....
 Dazzling Spray           Conj/Hex       #.....       41%         3    ###....


Dungeon Overview and Level Annotations

Branches:
Dungeon (2/15)

Altars:


Innate Abilities, Weirdness & Mutations

Your experience applies equally to all skills.
You have very sharp teeth.
Your uncanny sense of smell can sniff out nearby items.


Message History

The orc is almost dead.
You feel sick. The orc hits you but does no damage.
You are more poisoned.
You barely miss the orc. Your bite misses the orc.
The orc is almost dead.
* * * LOW HITPOINT WARNING * * *
You feel very sick. The orc completely misses you.
The orc hits you with a +1 short sword of venom.
* * * LOW HITPOINT WARNING * * *
You closely miss the orc.
The orc is almost dead.
* * * LOW HITPOINT WARNING * * *
You feel sick.
The orc hits you with a +1 short sword of venom.
* * * LOW HITPOINT WARNING * * *
You are more poisoned.
It was a potion of resistance.
You feel protected.
You die...

#.#..# #.#.........
#.#..#####.########..
#.#..................
#.#.######.##########
#.....##(............
#.....##.#...........
#.....##.############
#.....##.............
#...@.........#......
#..o..##..###.#.#####
#.....##......#.#
#.#######.#.#.#.##### #.#
#.#...#......
###########.#######.###########
#.................>............
#.########.########.###########
#.# #........#.#


You could see an orc.

Vanquished Creatures
  2 dart slugs (D:1)
  An orc (D:1)
  2 bats (D:1)
  6 goblins (D:1)
  2 hobgoblins (D:1)
  6 kobolds (D:1)
  A frilled lizard (D:1)
  3 rats (D:1)
23 creatures vanquished.

Notes
Turn   | Place    | Note
-------+----------+-------------------------------------------
     0 | D:1      | Kairos the Gnoll Wanderer began the quest for the Orb.
     0 | D:1      | Kairos set off with the following items: a +0 quarterstaff,
                  | a scroll of teleportation, a +0 robe, a ration; and the
                  | following spell memorised: Corona; and the following spells
                  | available to memorise: Confuse, Tukima's Dance, Ensorcelled
                  | Hibernation, Dazzling Spray
     0 | D:1      | Reached XP level 1. HP: 13/13 MP: 4/4
   111 | D:1      | Reached XP level 2. HP: 12/19 MP: 5/5
   559 | D:1      | Reached XP level 3. HP: 24/25 MP: 7/7
   654 | D:1      | Learned a level 3 spell: Confuse
   916 | D:1      | Succumbed to an orc's poison

Skill      XL: |  1 |
---------------+----+-----
Fire Magic     | 2 |  2.1
Fighting       | |  0.6
Short Blades   | |  6.5
Long Blades    | |  0.6
Axes           | |  0.6
Maces & Flails | |  0.6
Polearms       | |  0.6
Staves         | |  0.6
Slings         | |  0.6
Bows           | |  0.6
Crossbows      | |  0.6
Throwing       | |  0.6
Armour         | |  0.6
Dodging        | |  0.6
Stealth        | |  2.3
Shields        | |  0.6
Unarmed Combat | |  0.6
Spellcasting   | |  2.8
Conjurations   | |  0.4
Hexes          | |  5.4
Charms         | |  0.4
Summonings     | |  0.4
Necromancy     | |  0.4
Translocations | |  0.4
Transmutations | |  0.4
Ice Magic      | |  0.4
Air Magic      | |  0.4
Earth Magic    | |  0.4
Poison Magic   | |  0.4
Invocations    | |  0.8
Evocations     | |  2.5

Action                   || total
-------------------------++-------
Melee: Quarterstaff      ||    41
       Bite              ||     7
       Short sword       ||    31
  Use: Potion            ||     1
 Stab: Sleeping          ||     1
Armor: Ring mail         ||    32
Dodge: Dodged            ||    38
